 Dungeon Crawl Stone Soup version 0.17-a0-1139-g49cbdf8 (webtiles) character file.

210 Jine the Skirmisher (level 5, -11/42 HPs)
             Began as a Demonspawn Abyssal Knight on May 26, 2015.
             Was a Believer of Lugonu.
             Killed by divine providence
             ... invoked by an orc priest
              (12 damage)
             ... on level 4 of the Dungeon.
             The game lasted 00:05:40 (3887 turns).

Jine the Skirmisher (Demonspawn Abyssal Knight)     Turns: 3887, Time: 00:05:40

Health: -11/42     AC: 19    Str: 13    XL:     5   Next: 56%
Magic:  6/7        EV:  6    Int: 14    God:    Lugonu [**....]
Gold:   97         SH:  0    Dex: 12    Spells: 0 memorised, 4 levels left

rFire  . . .     SeeInvis .     a - +1 falchion
rCold  . . .     Clarity  .     i - +3 chain mail
rNeg   . . .     SustAt   .     (no shield)
rPois  .         Gourm    .     d - +0 helmet
rElec  .         Spirit   .     (no cloak)
rCorr  .         Warding  .     (no gloves)
rMut   .         Stasis   .     (no boots)
MR     .....                    (no amulet)
Stlth  ..........               (no ring)
                                (no ring)

@: confused, not resistant to hostile enchantments, extremely unstealthy
A: hooves 1, iridescent scales 2, rot immunity
a: Depart the Abyss, Bend Space, Renounce Religion


You were on level 4 of the Dungeon.
You worshipped Lugonu.
Lugonu was pleased with you.
You were not hungry.

You visited 1 branch of the dungeon, and saw 4 of its levels.
You visited the Abyss 1 time.

You collected 97 gold pieces.

Inventory:

Hand weapons
 a - a +1 falchion (weapon)
Armour
 b - a +0 leather armour
 d - a +0 helmet (worn)
 i - a +3 chain mail (worn)
Jewellery
 l - an uncursed ring of teleport control {unknown}
Scrolls
 e - 4 scrolls of identify {unknown}
 g - a scroll of teleportation {unknown}
 m - a scroll of noise {unknown}
 n - a scroll of fear {unknown}
Potions
 h - a potion of beneficial mutation {unknown}
 j - a potion of curing {unknown}
 k - a potion of mutation {unknown}
Comestibles
 c - 3 bread rations
 f - a fruit
 o - 2 meat rations


   Skills:
 + Level 4.2 Fighting
 * Level 3.0 Long Blades
 + Level 2.7 Armour
 + Level 2.2 Dodging
 + Level 0.2 Stealth
 + Level 2.9 Invocations


You had 4 spell levels left.
You didn't know any spells.

Dungeon Overview and Level Annotations

Branches:
Dungeon (4/15)
 Temple: D:4-7

Altars:
Dithmenos
Makhleb
Nemelex Xobeh
Yredelemnul


Innate Abilities, Weirdness & Mutations

You have large cloven feet.
You are mostly covered in iridescent scales (AC +6).
You are immune to rotting.


Message History

Something smites you!
* * * LOW HITPOINT WARNING * * *
The orc hits you but does no damage. The orc closely misses you.
Something hits you but does no damage.
You hear a shout!
Use which ability? (? or * to list) Space bends around you!
You blink.
* * * LOW HITPOINT WARNING * * *
You feel slightly more hungry.
The orc wizard gestures at you while chanting.
The magic dart hits you!
The orc priest mumbles some strange prayers to Beogh against you.
You barely resist.
You are confused.
You bump into the rock wall.
An orc priest comes into view. It is wielding a whip of venom.
The orc priest shouts!
The orc priest invokes the aid of Beogh against you.
Something smites you!
You die...

....>...o...o#.######.#.#
###.##...#.##.#.##.......#
# #.o.#.##o#.##.###.#.#
o...#...o#.##.....#.#
...#........######.#.#
o.....#...oo...)).....#
o......o...o#.##########
.#.#.#...o..# #...#.##@.##
#.#.......# #.#...##..####
#..........# #..#....##.#
#..###..##.# #..##.######
#..#......<# #..##.######


You could see 2 orc priests, an orc wizard and 4 orcs.

Vanquished Creatures
  A hound (D:2)
  A worker ant (D:3)
  Robin (D:3)
  2 adders
  3 gnolls (D:4)
  2 oozes
  4 worms (D:2)
  4 giant geckos
  4 orcs (D:3)
  6 bats
  4 giant cockroaches
  8 hobgoblins
  4 jackals (D:2)
  8 kobolds
  2 ball pythons
  3 giant newts
  13 goblins
  6 rats
76 creatures vanquished.

Notes
Turn   | Place    | Note
--------------------------------------------------------------
     0 | Abyss:1  | Jine the Demonspawn Abyssal Knight began the quest for the Orb.
     0 | Abyss:1  | Reached XP level 1. HP: 18/18 MP: 2/2
    15 | D:1      | Escaped the Abyss
   181 | D:1      | Gained mutation: You are partially covered in iridescent scales (AC +4). [demonic ancestry]
   181 | D:1      | Reached XP level 2. HP: 22/24 MP: 4/4
   597 | D:2      | Reached skill level 1 in Dodging
   672 | D:2      | Found a sparkling altar of Nemelex Xobeh.
   702 | D:2      | Gained mutation: You have large cloven feet. [demonic ancestry]
   702 | D:2      | Reached XP level 3. HP: 29/29 MP: 5/5
   829 | D:2      | Acquired Lugonu's second power
   849 | D:2      | Found a basalt altar of Yredelemnul.
  1653 | D:2      | Found a shadowy altar of Dithmenos.
  1884 | D:2      | Gained mutation: You are mostly covered in iridescent scales (AC +6). [demonic ancestry]
  1884 | D:2      | Reached XP level 4. HP: 22/37 MP: 6/6
  2016 | D:2      | Found a burning altar of Makhleb.
  2501 | D:3      | Noticed Robin
  2589 | D:3      | Killed Robin
  2589 | D:3      | Reached skill level 4 in Fighting
  2804 | D:3      | Gained mutation: You are immune to rotting. [demonic ancestry]
  2804 | D:3      | Reached XP level 5. HP: 35/42 MP: 7/7
  3885 | D:4      | HP: 1/42 [spatial distortion (4)]
  3887 | D:4      | Killed from afar by an orc priest

Vault maps used:
D:1:      dpeg_arrival_court, serial_curves, eino_curves_01, eino_curves_02
D:2:      makhleb_blood_cavern_becter, lemuel_round_altar,
          nicolae_dithmenos_through_a_glass_darkly, nemelex_altar_shiori,
          first_bread
D:3:      uniq_robin
D:4:      hangedman_ru_absence, uniq_eustachio

Action                   |  1- 3 |  4- 6 || total
-------------------------+-------+-------++-------
Melee: Falchion          |   120 |   212 ||   332
Invok: Bend Space        |       |     1 ||     1
  Eat: Fruit             |     2 |       ||     2
       Pizza             |     1 |       ||     1
       Meat ration       |       |     1 ||     1
       Beef jerky        |       |     1 ||     1
